 Dungeon Crawl Stone Soup version 0.31-a0-187-gba352fbbf7 (webtiles) character file.

Game seed: 17546066988886826011

100679 Dittersdorf the Tortoise (level 16, -1/110 HPs)
             Began as a Gargoyle Fighter on June 22, 2023.
             Was a High Priest of Okawaru.
             Slain by a freezing wraith (9 damage)
             ... in an ice cave.
             The game lasted 00:37:13 (22188 turns).

Dittersdorf the Tortoise (Gargoyle Fighter)        Turns: 22188, Time: 00:37:14

Health: -1/110     AC: 49    Str: 24      XL:     16   Next: 28%
Magic:  14/16      EV:  7    Int: 17 (18) God:    Okawaru [*****.]
Gold:   2278       SH: 16    Dex:  6      Spells: 15/15 levels left

rFire   . . .        x - +12 morningstar "Jemegu" {heavy, rElec Int+4}
rCold   + . .        D - +2 kite shield "Xydis" {rF+ rCorr}
rNeg    + . .        i - +7 chain mail "Sunli Kufydd" {Harm Regen+ Dex-5}
rPois   ∞            y - +1 helmet
rElec   +            U - +2 cloak
rCorr   +            c - +1 pair of gloves of Goxiotach {Regen+ Int+3}
SInv    .            G - +3 pair of seven-league boots {Rampage+∞}
Will    ++...        w - amulet of Vitality {RegenMP++ Regen++} Stlth
                     j - ring of ice
HPRegen 3.58/turn    L - ring of willpower
MPRegen 0.95/turn

%: harm (+30% outgoing, +20% incoming), rampage+∞
@: heroic, flying, constricted, invisible
A: sickness immunity, AC +12, big wings, negative energy resistance 1,
electricity resistance, torment resistance 1, petrification resistance
a: Renounce Religion, Heroism, Finesse, Duel


You were in an ice cave.
You worshipped Okawaru.
Okawaru was extremely pleased with you.
You visited 5 branches of the dungeon, and saw 24 of its levels.
You also visited: Sewer, Gauntlet and Ice Cave.

You collected 2848 gold pieces.
You spent 570 gold pieces at shops.

Inventory:

Hand Weapons
 x - the +12 morningstar "Jemegu" (weapon) {heavy, rElec Int+4}
   (Okawaru gifted it to you on level 15 of the Dungeon)

   Int:       It affects your intelligence (+4).
   rElec:     It insulates you from electricity.
 P - a +3 eveningstar of protection
Missiles
 p - 11 curare-tipped darts (quivered)
 u - 5 throwing nets
Armour
 c - the +1 pair of gloves of Goxiotach (worn) {Regen+ Int+3}
   (You acquired it on level 2 of the Lair of Beasts)

   Int:       It affects your intelligence (+3).
   Regen:     It increases your rate of health regeneration.
 i - the +7 chain mail "Sunli Kufydd" (worn) {Harm Regen+ Dex-5}
   (Okawaru gifted it to you on level 5 of the Lair of Beasts)

   Dex:       It affects your dexterity (-5).
   Regen:     It increases your rate of health regeneration.
   Harm:      It increases damage dealt and taken.
 y - a +1 helmet (worn)
 B - a +2 chain mail of positive energy
 D - the +2 kite shield "Xydis" (worn) {rF+ rCorr}
   (Okawaru gifted it to you on level 2 of the Orcish Mines)

   rF:        It protects you from fire.
   rCorr:     It protects you from acid and corrosion.
 G - the +3 pair of seven-league boots (worn) {Rampage+∞}
   (You found it on level 10 of the Dungeon)

   Rampage+∞: When moving toward enemies, its wearer moves as far as possible,
   alerting their target en route.
 U - a +2 cloak (worn)
Jewellery
 j - a ring of ice (left hand)
 w - the amulet of Vitality (around neck) {RegenMP++ Regen++}
   (You found it on level 5 of the Lair of Beasts)

   [amulet of magic regeneration]

   It increases your rate of magic regeneration.
   Regen:     It increases your rate of health regeneration.
 z - a +6 ring of strength
 I - the ring of Creativity {Fire Dex+5}
   (You bought it in a shop on level 1 of the Dungeon)

   [ring of fire]

   It enhances your fire magic.
   Dex:       It affects your dexterity (+5).
   rF:        It protects you from fire.
   rC:        It makes you vulnerable to cold.
 L - a ring of willpower (right hand)
 N - a ring of willpower
 Q - a ring of resist corrosion
 R - a ring of positive energy
Wands
 t - a wand of paralysis (19)
 v - a wand of acid (17)
 J - a wand of digging (8)
 O - a wand of iceblast (12)
 S - a wand of polymorph (6)
Scrolls
 g - 13 scrolls of teleportation
 h - 4 scrolls of brand weapon
 k - a scroll of fog
 m - 8 scrolls of blinking
 q - a scroll of silence
 s - a scroll of revelation
 A - 4 scrolls of identify
 C - a scroll of poison
 E - 3 scrolls of fear
 F - 2 scrolls of enchant armour
Potions
 a - 2 potions of heal wounds
 b - 3 potions of brilliance
 d - 4 potions of might
 e - 2 potions of mutation
 f - 5 potions of ambrosia
 l - 2 potions of invisibility
 n - 8 potions of curing
 r - 4 potions of haste
 H - 3 potions of enlightenment
 K - 2 potions of berserk rage
 M - 2 potions of magic


   Skills:
 + Level 16.1(21.1) Fighting
 + Level 14.7(19.7) Maces & Flails
 + Level 16.1(21.1) Armour
 + Level 16.1(21.1) Shields


You had 15 spell levels left.
You didn't know any spells.
Your spell library contained the following spells:

 Spells                   Type           Power      Damage    Failure   Level
 Apportation              Tloc           0%         N/A       58%         1
 Beastly Appendage        Tmut           0%         N/A       58%         1
 Foxfire                  Conj/Fire      0%         2x1d4     58%         1
 Freeze                   Ice            0%         1d3       58%         1
 Kiss of Death            Conj/Necr      0%         2d5       58%         1
 Magic Dart               Conj           0%         1d3       58%         1
 Necrotise                Necr           0%         1d4       58%         1
 Shock                    Conj/Air       0%         1d3       58%         1
 Blink                    Tloc           0%         N/A       75%         2
 Wereblood                Tmut           0%         N/A       75%         2
 Confusing Touch          Hex            0%         N/A       92%         3
 Frozen Ramparts          Ice            0%         1d1       92%         3
 Hailstorm                Conj/Ice       0%         3d3       92%         3
 Mephitic Cloud           Conj/Pois/Air  0%         N/A       92%         3
 Ozocubu's Armour         Ice            0%         N/A       92%         3
 Spider Form              Tmut/Pois      0%         N/A       92%         3
 Swiftness                Air            0%         N/A       92%         3
 Airstrike                Air            0%         2d(0-16)  100%        4
 Dispel Undead            Necr           0%         3d6       100%        4
 Manifold Assault         Tloc           0%         N/A       100%        4
 Alistair's Intoxication  Tmut/Pois      0%         N/A       100%        5
 Borgnjor's Vile Clutch   Necr/Erth      0%         N/A       100%        5
 Fireball                 Conj/Fire      0%         3d3       100%        5
 Eringya's Noxious Bog    Tmut/Pois      0%         N/A       100%        6
 Plasma Beam              Fire/Air       0%         2x1d10    100%        6
 Starburst                Conj/Fire      0%         6d3       100%        6
 Ozocubu's Refrigeration  Ice            0%         4d7       100%        7
 Storm Form               Tmut/Air       0%         N/A       100%        7
 Maxwell's Capacitive Co  Air            0%         ∞         100%        8
 Polar Vortex             Ice            0%         N/A       100%        9
 Summon Small Mammal      Summ           Unusable   N/A       N/A         1
 Call Imp                 Summ           Unusable   N/A       N/A         2
 Simulacrum               Ice/Necr       Unusable   N/A       N/A         6

Dungeon Overview and Level Annotations

Branches:
Dungeon (15/15)            Temple (1/1) D:6            Lair (5/5) D:9
  Swamp (1/4) Lair:2        Snake (0/4) Lair:3        Slime (0/5) Lair:4
    Orc (2/2) D:10            Elf (0/3) Orc:2        Vaults (0/5) D:13
 Depths (0/4) D:15          Sewer (visited)           IceCv (1/1)
Gauntlet (visited)

Altars:
Ashenzari
Cheibriados
Elyvilon
Fedhas
Okawaru
Qazlal
Sif Muna
Trog
Vehumet
Wu Jian
Xom
Zin
The Shining One
Jiyva

Shops:
D:1 =   D:2 (   D:6 *   D:7 *   Orc:2 (*!(

Annotations:
D:8 1 runed translucent door, AwFulAwFulPlayer's ghost, novice OpMo


Innate Abilities, Weirdness & Mutations

You are immune to sickness and miasma.
Your stone body is resilient. (AC +12)
You are immune to poison.
Your large and strong wings let you fly.
You resist negative energy. (rN+)
You are resistant to electric shocks. (rElec)
You are resistant to unholy torment.
You are immune to petrification.


Message History

* * * LOW HITPOINT WARNING * * *
The alligator simulacrum freezes you! You resist.
* * * LOW HITPOINT WARNING * * *
The freezing wraith hits you.
* * * LOW HITPOINT WARNING * * *
The freezing wraith freezes you. You resist.
* * * LOW HITPOINT WARNING * * *
The freezing wraith hits you but does no damage.
The alligator simulacrum bites you but does no damage.
The alligator simulacrum tail-slaps you but does no damage.
You feel much better.
You block the harpy simulacrum's attack.
The harpy simulacrum barely misses you.
You block the anaconda simulacrum's attack.
The anaconda simulacrum constricts you.
The harpy simulacrum claws you but does no damage. x2
The anaconda simulacrum bites you but does no damage.
The anaconda simulacrum constricts you.
The alligator simulacrum bites you but does no damage.
The alligator simulacrum barely misses you.
The freezing wraith hits you but does no damage.
You block the freezing wraith's attack.
The alligator simulacrum completely misses you.
The alligator simulacrum tail-slaps you but does no damage.
You gain the combat prowess of a mighty hero.
The harpy simulacrum claws you. The harpy simulacrum freezes you. You resist.
You block the harpy simulacrum's attack.
You block the anaconda simulacrum's attack.
The anaconda simulacrum constricts you.
The harpy simulacrum closely misses you.
The harpy simulacrum claws you but does no damage.
The alligator simulacrum bites you!
* * * LOW HITPOINT WARNING * * *
The alligator simulacrum freezes you! You resist.
* * * LOW HITPOINT WARNING * * *
The alligator simulacrum tail-slaps you but does no damage.
The freezing wraith hits you.
* * * LOW HITPOINT WARNING * * *
The freezing wraith freezes you! You resist.
You die...

#.......#
#...∩...#
#.......#
#.......#
#...∩...#
##.....##
##...##
##.##
##Z@Z##


#ZZZWZ# #..ZZ...# #...W...# #?.....[# #).....|# #$).Z./)# ####.#### ... You
could see 2 freezing wraiths, an anaconda simulacrum (unable to see you), 4
alligator simulacra, a lindwurm simulacrum (unable to see you), a golden dragon
simulacrum (unable to see you), a harpy simulacrum (unable to see you) and a
caustic shrike simulacrum (unable to see you).

Vanquished Creatures
  The ghost of Qopn the Impaler, an adept MfBe of Trog (Orc:1)
  2 orc warlords
  Nessos (D:15)
  A minotaur (Gauntlet)
  A dire elephant (Lair:5)
  Snorg (D:11)
  A green death (Gauntlet)
  2 fire dragons
  Harold (D:9)
  Fannar (D:11)
  A rakshasa (D:15)
  5 hydras
  An ice dragon (D:15)
  Erolcha (D:9)
  An ogre mage (D:12)
  A ghost crab (Lair:2)
  2 catoblepae
  5 centaur warriors
  7 two-headed ogres
  9 boulder beetles
  9 death yaks
  3 tengu warriors (D:12)
  An alligator (Swamp:1)
  3 orc high priests (Orc:2)
  A spectral death yak (Lair:2)
  A sun demon (D:15)
  Sonja (Lair:4)
  Amaemon (D:11)
  A skyshark (shapeshifter) (D:9)
  A skyshark (Lair:3)
  A deep troll (Lair:2)
  A steelbarb worm (shapeshifter) (D:9)
  7 orc knights
  Pikel (D:6)
  A phantasmal warrior (D:10)
  An obsidian statue (D:15)
  2 lindwurms (Lair:5)
  4 cyclopes
  A necromancer (D:13)
  3 deep elf pyromancers
  7 manticores
  5 orc sorcerers
  8 ugly things
  18 elephants
  4 black mambas
  6 cane toads
  An ice statue (Swamp:1)
  A guardian serpent (D:10)
  2 gargoyles
  2 orange demons
  Psyche (D:8)
  7 komodo dragons
  2 anaconda simulacra (IceCv)
  A freezing wraith (D:15)
  A spectral skyshark (Lair:2)
  9 trolls
  2 rime drakes (Lair:5)
  A red devil (D:15)
  A tyrant leech (Swamp:1)
  2 polar bears (Lair:5)
  3 hellwings (D:15)
  3 meliai (D:14)
  2 hornets
  A large abomination (D:15)
  7 blink frogs (Lair:2)
  2 dream sheep (Lair:5)
  5 slime creatures
  A spectral black mamba (Lair:2)
  A water elemental (D:11)
  3 vampires
  A ynoxinul (Gauntlet)
  A spriggan (Swamp:1)
  2 shadows (D:10)
  A wraith (D:8)
  6 wyverns
  23 yaks
  A centaur simulacrum (D:12)
  A steam dragon (D:7)
  A vampire mosquito (D:12)
  A spectral komodo dragon (Lair:2)
  Eustachio (D:6)
  Grum (D:9)
  4 basilisks
  A redback (D:12)
  4 wargs
  2 swamp worms (Swamp:1)
  Edmund (D:6)
  An acid dragon (D:9)
  9 water moccasins
  A spectral polar bear (Lair:2)
  5 ice beasts
  2 sky beasts (D:6)
  37 orc warriors
  A spectral rime drake (Lair:2)
  6 black bears
  8 ogres
  13 centaurs
  5 wolves
  2 phantoms
  A lemure (D:6)
  Blork the orc (D:5)
  4 kobold brigands
  17 bullfrogs
  2 gnoll sergeants
  6 scorpions
  A wight (D:9)
  18 killer bees
  5 howler monkeys
  7 electric eels
  2 crimson imps (D:15)
  7 jellies
  A quasit (D:15)
  19 orc priests
  6 hounds
  5 iron imps
  4 iguanas
  4 sleepcaps
  34 orc wizards
  A hell rat (Lair:5)
  12 gnolls
  16 adders
  2 shadow imps
  3 white imps
  6 ufetubi
  A worm (D:5)
  2 dart slugs
  71 orcs
  15 endoplasms
  4 giant cockroaches (Sewer)
  5 goblins
  6 hobgoblins
  7 jackals
  16 quokkas
  16 ball pythons
  4 bats
  15 frilled lizards
  22 kobolds
  6 rats
714 creatures vanquished.

Vanquished Creatures (others)
  An orc wizard (D:8)
1 creature vanquished.

Grand Total: 715 creatures vanquished

Notes
Turn   | Place    | Note
-------+----------+-------------------------------------------
     0 | D:1      | Dittersdorf the Gargoyle Fighter began the quest for the
                  | Orb.
     0 | D:1      | Reached XP level 1. HP: 14/14 MP: 1/1
    13 | D:1      | Found a faded altar of an unknown god.
    29 | D:1      | You fall into a shaft and drop 1 floor!
   219 | D:1      | Found Doigiten's One-of-a-Kind Rings.
   229 | D:1      | Reached XP level 2. HP: 19/19 MP: 2/2
   710 | D:2      | Reached XP level 3. HP: 23/23 MP: 3/3
   739 | D:2      | Found Wielin's Weapon Emporium.
  1476 | D:2      | Reached XP level 4. HP: 29/29 MP: 4/4
  1833 | D:3      | Reached XP level 5. HP: 33/33 MP: 5/5
  2764 | D:4      | Found a glowing golden altar of the Shining One.
  2810 | D:4      | Reached XP level 6. HP: 36/39 MP: 6/6
  2834 | D:4      | Noticed a water moccasin
  2848 | D:4      | Killed a water moccasin
  3054 | D:4      | Reached skill level 5 in Fighting
  3054 | D:4      | Reached skill level 5 in Armour
  3054 | D:4      | Reached skill level 5 in Shields
  3142 | D:4      | Reached XP level 7. HP: 25/44 MP: 7/7
  3288 | D:5      | Entered Level 5 of the Dungeon
  3288 | D:5      | Found a glowing drain.
  3314 | Sewer    | Entered a sewer
  3677 | D:5      | Noticed Blork the orc
  3691 | D:5      | Killed Blork the orc
  3692 | D:5      | Reached XP level 8. HP: 40/51 MP: 8/8
  3843 | D:5      | Reached skill level 5 in Maces & Flails
  4123 | D:5      | Found a shimmering blue altar of Sif Muna.
  4360 | D:6      | Found a staircase to the Ecumenical Temple.
  4382 | Temple   | Entered the Ecumenical Temple
  4532 | Temple   | Became a worshipper of Warmaster Okawaru
  4610 | D:6      | Noticed Edmund
  4634 | D:6      | Killed Edmund
  4635 | D:6      | Reached XP level 9. HP: 24/56 MP: 9/9
  4782 | D:6      | Found Oxiff's Assorted Antiques.
  4786 | D:6      | Noticed Eustachio
  4830 | D:6      | Killed Eustachio
  4830 | D:6      | Reached * piety under Okawaru
  5184 | D:6      | Noticed Pikel
  5204 | D:6      | Killed Pikel
  5204 | D:6      | Reached ** piety under Okawaru
  5750 | D:7      | Reached XP level 10. HP: 62/64 MP: 10/10
  5833 | D:7      | Reached *** piety under Okawaru
  5978 | D:7      | Identified the +1 robe "Umiagac" {rF+ Str+3}
  6113 | D:7      | Found Luvusi's Overcharged Wands.
  6587 | D:8      | Noticed AwFulAwFulPlayer's ghost (novice OpMo)
  6620 | D:8      | Found a runed translucent door.
  6808 | D:8      | Noticed Psyche
  6842 | D:8      | Killed Psyche
  6842 | D:8      | Reached **** piety under Okawaru
  7394 | D:9      | Found a staircase to the Lair.
  7453 | D:9      | Noticed Harold
  7461 | D:9      | Killed Harold
  7462 | D:9      | Reached XP level 11. HP: 69/71 MP: 11/11
  7645 | D:9      | Noticed a two-headed ogre
  7649 | D:9      | Noticed Erolcha
  7802 | D:7      | Killed a two-headed ogre
  7802 | D:7      | Reached ***** piety under Okawaru
  7803 | D:7      | Reached skill level 10 in Armour
  7843 | D:7      | Reached skill level 10 in Shields
  7996 | D:9      | Reached skill level 10 in Fighting
  8025 | D:9      | Noticed a skyshark
  8038 | D:9      | Killed a skyshark
  8060 | D:9      | Noticed a centaur warrior
  8064 | D:9      | Received a gift from Okawaru
  8071 | D:9      | Killed a centaur warrior
  8095 | D:9      | Received a gift from Okawaru
  8121 | D:9      | Noticed a steelbarb worm
  8133 | D:9      | Killed a steelbarb worm
  8234 | D:9      | Killed Erolcha
  8406 | D:9      | Noticed a two-headed ogre
  8414 | D:9      | Killed a two-headed ogre
  8522 | D:9      | Noticed a two-headed ogre
  8535 | D:9      | Killed a two-headed ogre
  8585 | D:9      | Noticed Grum
  8590 | D:9      | Reached XP level 12. HP: 63/79 MP: 12/12
  8609 | D:9      | Killed Grum
  8778 | D:10     | Entered Level 10 of the Dungeon
  8854 | D:10     | Reached skill level 10 in Maces & Flails
  9131 | D:10     | Found a staircase to the Orcish Mines.
  9503 | D:10     | Noticed a centaur warrior
  9507 | D:10     | Noticed a boulder beetle
  9517 | D:10     | Killed a boulder beetle
  9533 | D:10     | Killed a centaur warrior
  9587 | D:10     | Found the +3 pair of seven-league boots {Rampage+∞}
  9698 | Lair:1   | Entered Level 1 of the Lair of Beasts
 10160 | D:1      | Bought the ring of Creativity {Fire Dex+5} for 425 gold
                  | pieces
 10594 | Lair:1   | Received a gift from Okawaru
 10979 | Lair:2   | Noticed a death yak
 10979 | Lair:2   | Noticed a death yak
 10980 | Lair:2   | Noticed a death yak
 10980 | Lair:2   | Noticed a death yak
 10980 | Lair:2   | Noticed a death yak
 10989 | Lair:2   | Noticed a death yak
 11004 | Lair:1   | Killed a death yak
 11035 | Lair:1   | Killed a death yak
 11057 | Lair:1   | Killed a death yak
 11058 | Lair:1   | Reached XP level 13. HP: 51/86 MP: 10/13
 11293 | Lair:2   | Identified a scroll of acquirement
 11294 | Lair:2   | Acquired the +1 pair of gloves of Goxiotach {Regen+ Int+3}
 11359 | Lair:2   | Found a staircase to the Swamp.
 11423 | Lair:2   | Identified the +0 demon trident of Dittersdorf's Defiance
                  | {antimagic, rElec} (Okawaru gifted it to you on level 2 of
                  | the Lair of Beasts)
 11423 | Lair:2   | Received a gift from Okawaru
 12391 | Lair:3   | Found a staircase to the Snake Pit.
 13170 | Lair:4   | Found a viscous altar of Jiyva.
 13171 | Lair:4   | Found a staircase to the Slime Pits.
 13194 | Lair:4   | Noticed Sonja
 13369 | Lair:4   | Killed Sonja
 13369 | Lair:4   | Reached ****** piety under Okawaru
 13703 | Lair:4   | Gained mutation: Your large and strong wings let you fly.
                  | [Gargoyle growth]
 13703 | Lair:4   | Reached XP level 14. HP: 94/94 MP: 14/14
 14148 | Lair:5   | Entered Level 5 of the Lair of Beasts
 14350 | Lair:5   | Found the amulet of Vitality {RegenMP++ Regen++}
 14438 | Lair:5   | Identified the +7 chain mail "Sunli Kufydd" {Harm Regen+
                  | Dex-5} (Okawaru gifted it to you on level 5 of the Lair of
                  | Beasts)
 14438 | Lair:5   | Received a gift from Okawaru
 14761 | Lair:5   | Noticed a dire elephant
 14787 | Lair:5   | Killed a dire elephant
 15572 | D:11     | Noticed Fannar
 15592 | D:11     | Killed Fannar
 15740 | D:11     | Noticed Amaemon
 15765 | D:11     | Killed Amaemon
 15949 | D:11     | Noticed Snorg
 15956 | D:11     | Killed Snorg
 16479 | D:12     | Found a white marble altar of Elyvilon.
 16718 | D:12     | Identified the +1 robe of Fortification {rPois Will+}
                  | (Okawaru gifted it to you on level 12 of the Dungeon)
 16718 | D:12     | Received a gift from Okawaru
 17148 | D:12     | Reached XP level 15. HP: 101/101 MP: 15/15
 17182 | D:12     | Found an iron altar of Okawaru.
 17182 | D:12     | Found a snail-covered altar of Cheibriados.
 17182 | D:12     | Found a radiant altar of Vehumet.
 17182 | D:12     | Found a glowing silver altar of Zin.
 17574 | D:13     | Found a gate leading to a gauntlet.
 17581 | Gauntlet | Entered a Gauntlet
 17581 | Gauntlet | Found a transporter.
 17581 | Gauntlet | Found a transporter.
 17581 | Gauntlet | Found a transporter.
 17593 | Gauntlet | Found a transporter.
 17596 | Gauntlet | Found a transporter.
 17604 | Gauntlet | Found a transporter.
 17607 | Gauntlet | Found a transporter.
 17623 | Gauntlet | Found a transporter.
 17635 | Gauntlet | Found a transporter.
 17657 | Gauntlet | Found a transporter.
 17657 | Gauntlet | Found a transporter.
 17667 | Gauntlet | Found a transporter.
 17770 | Gauntlet | Identified the +2 rapier of Misery {freeze, +Blink Str+3
                  | Int+4}
 17871 | Gauntlet | Reached skill level 15 in Armour
 17874 | Gauntlet | Identified the staff "Rummage" {rPois rF+ rC+ Str+2 Fire}
 17891 | D:13     | Acquired a +2 eveningstar of protection
 18436 | D:13     | Reached skill level 15 in Fighting
 18436 | D:13     | Reached skill level 15 in Shields
 18514 | D:13     | Found a gate to the Vaults.
 19538 | D:15     | Entered Level 15 of the Dungeon
 19568 | D:15     | Identified the +12 morningstar "Jemegu" {heavy, rElec
                  | Int+4} (Okawaru gifted it to you on level 15 of the
                  | Dungeon)
 19568 | D:15     | Received a gift from Okawaru
 19721 | D:15     | Found a staircase to the Depths.
 20035 | D:15     | Noticed Nessos
 20046 | D:15     | Killed Nessos
 20532 | Orc:1    | Entered Level 1 of the Orcish Mines
 20709 | Orc:2    | Entered Level 2 of the Orcish Mines
 20711 | Orc:2    | Noticed an orc warlord
 20722 | Orc:2    | Killed an orc warlord
 20783 | Orc:2    | Found a bloodstained altar of Trog.
 20801 | Orc:2    | Identified the +2 kite shield "Xydis" {rF+ rCorr} (Okawaru
                  | gifted it to you on level 2 of the Orcish Mines)
 20801 | Orc:2    | Received a gift from Okawaru
 20834 | Orc:1    | Noticed an orc warlord
 20907 | Orc:1    | Killed an orc warlord
 20993 | Orc:1    | Found a runed translucent gate.
 20993 | Orc:1    | Found a runed translucent gate.
 20993 | Orc:1    | Found a runed translucent gate.
 20998 | Orc:1    | Noticed Qopn's ghost (adept MfBe)
 21085 | Orc:1    | Killed Qopn's ghost
 21086 | Orc:1    | Reached XP level 16. HP: 109/109 MP: 16/16
 21232 | Orc:2    | Found a staircase to the Elven Halls.
 21824 | Orc:2    | Found Zaep Hov's Antique Weapon Shoppe.
 21824 | Orc:2    | Found Weappybu's Distillery.
 21824 | Orc:2    | Found Satafan's Weapon Boutique.
 21824 | Orc:2    | Found Loanuone's Assorted Antiques.
 21836 | Orc:2    | Bought a potion of heal wounds for 145 gold pieces
 22105 | Swamp:1  | Entered Level 1 of the Swamp
 22166 | Swamp:1  | Found a frozen archway.
 22174 | IceCv    | Entered an ice cave
 22188 | IceCv    | Slain by a freezing wraith

Illustrated notes

Levels and vault maps discovered:
D:1:      lemuel_arrival_behind_the_door_small, layout_basic,
          basic_ecumenical_altar, minmay_misc_feat_tower, serial_park_tiny_pond,
          st_stairs_1, nicolae_shop_unique_rings
D:2:      layout_basic, serial_shops, nicolae_shop_behind_doors
D:3:      layout_basic, hangedman_feature_mirror
D:4:      layout_rooms, tso_metal_star
D:5:      layout_rooms, lemuel_blue_sif_altar, portal_sewer_entry_a,
          minmay_joined_circles, uniq_blork_the_orc
D:6:      minmay_razor_zed, layout_basic, temple_pool_b, serial_shops,
          nicolae_shop_statue_plus, ldierk_geyser, uniq_edmund, uniq_pikel,
          uniq_eustachio
D:7:      layout_cave_pools, nicolae_shop_overcharged_wands
D:8:      layout_rooms, hellmonk_ghost_big_iron, grunt_tough_drop, uniq_psyche
D:9:      minmay_quarter_circles, layout_loops_ring, minmay_misc_feat_rows,
          uniq_grum, uniq_harold, uniq_erolcha
D:10:     layout_basic, orc_0_dummy, hellmonk_guarded_unrand_seven_league_boots
D:11:     layout_roguey, serial_bayou, serial_bayou_lake_a,
          serial_bayou_lagoon_a, serial_bayou_shore_b, serial_bayou_pond_d,
          kennysheep_generic_room_2, uniq_snorg, uniq_fannar, uniq_amaemon
D:12:     minmay_the_grid_octo_tiled_squarecenter [minmay_the_grid_octo_teeth,
          minmay_the_grid_octo_concentric, minmay_the_grid_octo_shrine,
          minmay_the_grid_octo_horde,
          minmay_the_grid_square_5x5_megaprize_crossed,
          minmay_the_grid_square_5x5_moneybag,
          minmay_the_grid_square_5x5_intrusive_squares,
          minmay_the_grid_square_5x5_tetrominoes,
          minmay_the_grid_square_5x5_pentomino_r], layout_loops_corners,
          elyvilon_altar_1
D:13:     layout_stronghold, david_vaults_1, gauntlet_entry_generic,
          kennysheep_generic_room_12
D:14:     layout_gridville, kennysheep_boxes
D:15:     grunt_enter_depths_hoard, layout_small_grid,
          hangedman_devilish_allure, uniq_nessos
Temple:   mainiacjoe_temple_cubbyholes
Lair:1:   layout_roguey, serial_bayou_ford_a
Lair:2:   dreamdust_cave_troll, layout_layer_cave, nicolae_swamp_entry_spooky,
          lemuel_fruit_tree, lemuel_fruit_fields
Lair:3:   layout_cave_pods, guppyfry_snake_entry_island
Lair:4:   layout_regular_city, nicolae_slime_entry_slimehenge, minivault_19,
          uniq_sonja
Lair:5:   hangedman_lair_in_review, layout_layer_cave, minivault_27,
          dreamdust_mushroom_princess, grunt_forest_small_clearing_treed
Swamp:1:  layout_basic_swamp, portal_ice_cave_entry_ice_statue_one,
          evilmike_swamp_ruin_rubble_1, swamp_pool5, cheibrodos_swamp_minitomb
Orc:1:    layout_diamond_mine, basic_altar, ebering_ghost_rock_garden
Orc:2:    grunt_orc_tribal_feast, layout_caves, basic_altar
IceCv:    ice_cave_statue_garden_chambered

Skill      XL: |  1  2  3  4  5  6  7  8  9 10 11 12 13 14 15 16 |
---------------+-------------------------------------------------+-----
Fighting       | 4 5 6 8 9 10 12 13 14 15 16 | 16.1
Armour         | 4 5 7 8 9 11 12 13 14 15 16 | 16.1
Shields        | 4 5 6 8 9 10 12 13 14 15 16 | 16.1
Maces & Flails | 3 4 5 7 8 9 11 12 13 14 | 14.7

Action                     |  1- 3 |  4- 6 |  7- 9 | 10-12 | 13-15 | 16-18 || total
---------------------------+-------+-------+-------+-------+-------+-------++-------
  Melee: Flail             |   132 |   186 |       |       |       |       ||   318
         Morningstar       |       |     9 |   605 |   807 |   911 |   167 ||  2499
         Demon whip        |       |       |       |       |   369 |       ||   369
         Eveningstar       |       |       |       |       |   111 |       ||   111
  Throw: Dart              |       |       |       |     4 |       |       ||     4
 Invoke: Heroism           |       |       |       |     7 |     6 |     1 ||    14
    Use: Scroll            |       |     6 |     6 |     5 |    13 |     4 ||    34
         Potion            |       |       |       |       |       |     3 ||     3
 Armour: Scale mail        |    43 |       |       |       |       |       ||    43
         Chain mail        |    42 |   162 |   623 |   827 |  1222 |   263 ||  3139
         Skin              |       |       |       |    14 |       |       ||    14
  Dodge: Dodged            |    70 |   103 |   380 |   367 |   545 |   104 ||  1569
  Block: Buckler           |    39 |    56 |   230 |   174 |       |       ||   499
         Kite shield       |       |       |       |   254 |  1140 |   215 ||  1609

Table legend: (Time is in decaauts)
 A = Elapsed time spent in this place.
 B = Non-inter-level travel time spent in this place.
 C = Inter-level travel time spent in this place.
 D = Time resting spent in this place.
 E = Time spent auto-exploring this place.
 F = Levels seen in this place.
 G = Mean time per level.
                   A        B        C        D        E       F      G
               +--------+--------+--------+--------+--------+-----+--------+
         Total |  22520 |  20659 |   1861 |    665 |  14010 |  27 |  834.1 |
       Dungeon |  14476 |  13196 |   1280 |    507 |   9088 |  15 |  965.1 |
        Temple |    207 |    127 |     80 |      0 |    114 |   1 |  207.0 |
          Lair |   5569 |   5225 |    344 |    141 |   3925 |   5 | 1113.8 |
         Swamp |     71 |     71 |      0 |      0 |      0 |   1 |   71.0 |
  Orcish Mines |   1454 |   1298 |    156 |     17 |    742 |   2 |  727.0 |
         Sewer |    445 |    445 |      0 |      0 |      9 |   1 |  445.0 |
      Ice Cave |     15 |     15 |      0 |      0 |      0 |   1 |   15.0 |
      Gauntlet |    279 |    279 |      0 |      0 |    132 |   1 |  279.0 |
               +--------+--------+--------+--------+--------+-----+--------+

Top non-repeatable levels by time:
     D:9: 1545 daAuts
     D:6: 1262 daAuts
  Lair:5: 1250 daAuts
  Lair:1: 1219 daAuts
  Lair:2: 1216 daAuts
    D:12: 1085 daAuts
    D:13: 1063 daAuts
     D:2: 1007 daAuts
  Lair:3: 1001 daAuts
    D:10: 985 daAuts
     D:3: 981 daAuts
     D:8: 957 daAuts
     D:7: 945 daAuts
   Orc:2: 907 daAuts
    D:15: 899 daAuts
